 Dungeon Sprint DCSS version 0.26-a0-649-gf8c6c3aab7 (webtiles) character file.

Game seed: 11955907004705611798

826 sahdkjhfkaj the Apologist (level 8, 0/65 HPs)
             Began as a Human Monk on Sept 26, 2020.
             Was a Follower of Zin.
             Slain by a warg (6 damage)
             ... in the Dungeon (Sprint VII: "The Pits").
             The game lasted 00:02:37 (1304 turns).

sahdkjhfkaj the Apologist (Human Monk)              Turns: 1304, Time: 00:02:37

Health: 0/65       AC: 12    Str: 14    XL:     8   Next: 17%
Magic:  17/17      EV:  9    Int: 11    God:    Zin [*.....]
Gold:   0          SH:  0    Dex: 15    Spells: 7/7 levels left

rFire    . . .     SeeInvis .   i - +2 hand axe
rCold    . . .     Faith    .   (no shield)
rNeg     . . .     Spirit   .   n - +3 chain mail
rPois    .         Reflect  .   (no helmet)
rElec    .         Harm     .   (no cloak)
rCorr    .         Rampage  .   (no gloves)
MR       .....     NoTele   +   (no boots)
Stlth    ..........             (no amulet)
HPRegen  0.20/turn              (no ring)
MPRegen  0.15/turn              (no ring)

@: no status effects
A: no striking features
a: Recite, Donate Gold, Renounce Religion


You were in the Dungeon.
You worshipped Zin.
Zin was aware of your devotion.
You visited 1 branch

Inventory:

Hand Weapons
 i - a +2 hand axe (weapon)
Missiles
 b - 20 arrows
Armour
 n - a +3 chain mail (worn)
Scrolls
 h - a scroll of blinking
 j - 3 scrolls of remove curse
 k - 5 scrolls of amnesia
 l - a scroll of summoning
 m - 2 scrolls of vulnerability
Potions
 a - 2 potions of invisibility
 c - 6 potions of curing
 d - a potion of heal wounds
 e - a potion of haste
 f - 4 potions of magic
 g - 3 potions of berserk rage


   Skills:
 + Level 6.9 Fighting
 * Level 8.2 Axes
 + Level 3.2 Armour
 + Level 6.7 Dodging
 - Level 4.6 Stealth
 - Level 12.0 Invocations


You had 7 spell levels left.
You didn't know any spells.
Your spell library was empty.

Dungeon Overview and Level Annotations

Branches:
Dungeon (1/1)

Altars:
Ashenzari
Cheibriados
Dithmenos
Elyvilon
Fedhas
Gozag
Hepliaklqana
Kikubaaqudgha
Makhleb
Nemelex Xobeh
Okawaru
Qazlal
Ru
Sif Muna
Trog
Uskayaw
Vehumet
Wu Jian
Xom
Yredelemnul
Zin
The Shining One
Beogh
Jiyva
Lugonu


Message History

There is an open door, spattered with blood here.
Things that are here:
a +0 dagger; a +0 robe
Okay, then.
Unknown command.
Unknown command.
You barely miss the warg.
The warg is heavily wounded.
You hit the phantom but do no damage. The phantom hits you.
* * * LOW HITPOINT WARNING * * *
The phantom blinks!
The warg closely misses you.
Unknown command.
You closely miss the warg.
The warg is heavily wounded.
The warg barely misses you.
Unknown command.
You hit the warg.
The warg is heavily wounded.
The warg bites you.
You die...

#.#..[)))..##.......#
#.#..[)))..##.......#
#'###########.......#
#.......#.. #########
#...#...#.#
#...#...#.#
#.##.##.#5#
#...#...#h+
#...#...#@#
#.....W.ยง.#
###########


You could see a phantom, a warg and a white imp.

Vanquished Creatures
  A kobold demonologist (D)
  A warg (D)
  A floating eye (D)
  A sky beast (D)
  An ice beast (D)
  A centaur (D)
  A quasit (D)
  A worker ant (D)
  A white imp (D)
  An ooze (D)
  A worm (D)
  2 leopard geckos (D)
  A bat (D)
  A giant cockroach (D)
  A quokka (D)
  A ball python (D)
  A frilled lizard (D)
  A rat (D)
19 creatures vanquished.

Notes
Turn   | Place    | Note
-------+----------+-------------------------------------------
     0 | D        | sahdkjhfkaj the Human Monk began the quest for the Orb.
     0 | D        | Reached XP level 1. HP: 18/18 MP: 1/1
    20 | D        | Found a bloodstained altar of Trog.
    20 | D        | Found a shimmering blue altar of Sif Muna.
    20 | D        | Found a viscous altar of Jiyva.
    20 | D        | Found a hazy altar of Hepliaklqana.
    20 | D        | Found an opulent altar of Gozag.
    21 | D        | Found a glowing golden altar of the Shining One.
    21 | D        | Found a glowing silver altar of Zin.
    21 | D        | Found a basalt altar of Yredelemnul.
    21 | D        | Found a shimmering altar of Xom.
    21 | D        | Found an ornate altar of the Wu Jian Council.
    21 | D        | Found a sacrificial altar of Ru.
    21 | D        | Found a stormy altar of Qazlal.
    21 | D        | Found an iron altar of Okawaru.
    21 | D        | Found a sparkling altar of Nemelex Xobeh.
    21 | D        | Found a burning altar of Makhleb.
    21 | D        | Found a blossoming altar of Fedhas.
    21 | D        | Found a white marble altar of Elyvilon.
    21 | D        | Found a shadowy altar of Dithmenos.
    21 | D        | Found a snail-covered altar of Cheibriados.
    22 | D        | Found a radiant altar of Vehumet.
    22 | D        | Found a corrupted altar of Lugonu.
    22 | D        | Found a roughly hewn altar of Beogh.
    23 | D        | Found a hide-covered altar of Uskayaw.
    23 | D        | Found an ancient bone altar of Kikubaaqudgha.
    23 | D        | Found a broken altar of Ashenzari.
    26 | D        | Became a worshipper of Zin the Law-Giver
    26 | D        | Reached * piety under Zin
    26 | D        | Reached ** piety under Zin
    75 | D        | Zin protects you from harm!
   301 | D        | Noticed a floating eye
   302 | D        | Reached XP level 2. HP: 24/24 MP: 2/2
   304 | D        | Paralysed by a floating eye for 3 turns
   308 | D        | Killed a floating eye
   308 | D        | Reached skill level 5 in Fighting
   308 | D        | Reached skill level 5 in Axes
   308 | D        | Reached skill level 5 in Dodging
   308 | D        | Reached XP level 3. HP: 33/33 MP: 3/3
   308 | D        | Reached XP level 4. HP: 39/39 MP: 4/4
   308 | D        | Reached XP level 5. HP: 44/44 MP: 5/5
   692 | D        | Noticed a centaur
   692 | D        | Noticed a sky beast
   692 | D        | Noticed an ice beast
   693 | D        | Noticed a warg
   719 | D        | Killed an ice beast
   719 | D        | Reached skill level 7 in Invocations
   719 | D        | Reached XP level 6. HP: 50/52 MP: 5/11
   730 | D        | Reached skill level 9 in Invocations
   754 | D        | Zin protects you from harm!
   760 | D        | Killed a sky beast
   760 | D        | Reached skill level 11 in Invocations
   760 | D        | Reached XP level 7. HP: 23/57 MP: 8/15
   784 | D        | Zin protects you from harm!
   788 | D        | HP: 2/57 [warg (12)]
   793 | D        | Killed a warg
   793 | D        | Reached skill level 12 in Invocations
  1045 | D        | Reached skill level 1 in Armour
  1148 | D        | Noticed a kobold demonologist
  1150 | D        | Noticed a chaos spawn
  1164 | D        | Killed a kobold demonologist
  1164 | D        | Reached XP level 8. HP: 64/65 MP: 17/17
  1304 | D        | Slain by a warg

Illustrated notes

Levels and vault maps discovered:
D:        pitsprint [storerooms_1, entrance_room_1, metal_vault_2, armoury_1,
          mini_pit_1, grid_room_1, main_hall_1, silver_pit, the_coven_3,
          the_vestibule_1, steel_vault_5, golden_pit, hallway_of_sentries,
          crystal_vault_3, iron_vault_2, final_vault]

Skill      XL: |  1  2  3  4  5  6  7 |
---------------+----------------------+-----
Fighting       | 5 6 |  6.9
Axes           | 5 6 8 |  8.2
Dodging        | 5 6 |  6.7
Stealth        | 4 |  4.6
Invocations    | 7 11 12 | 12.0
Armour         | 3 |  3.2

Action                   |  1- 3 |  4- 6 |  7- 9 || total
-------------------------+-------+-------+-------++-------
Melee: Hand axe          |    15 |    70 |    89 ||   174
Invok: Vitalisation      |       |     1 |       ||     1
       Recite            |       |       |     1 ||     1
  Use: Potion            |       |     1 |     4 ||     5
 Stab: Sleeping          |     3 |       |       ||     3
Armor: Robe              |     1 |     1 |       ||     2
       Chain mail        |       |    25 |    46 ||    71
Dodge: Dodged            |     3 |    28 |    58 ||    89

Table legend: (Time is in decaauts)
 A = Elapsed time spent in this place.
 B = Non-inter-level travel time spent in this place.
 C = Inter-level travel time spent in this place.
 D = Time resting spent in this place.
 E = Time spent auto-exploring this place.
 F = Levels seen in this place.
 G = Mean time per level.
                   A        B        C        D        E       F      G
               +--------+--------+--------+--------+--------+-----+--------+
         Total |   1299 |   1284 |     15 |    931 |      0 |   1 | 1299.0 |
       Dungeon |   1299 |   1284 |     15 |    931 |      0 |   1 | 1299.0 |
               +--------+--------+--------+--------+--------+-----+--------+

Top non-repeatable levels by time:
       D: 1299 daAuts
